 Dungeon Crawl Stone Soup version 0.29-a0-271-gd4eb659eea (webtiles) character file.

Game seed: 10471315014688056037

6 croobank the Ducker (level 1, -1/13 HPs)
             Began as a Merfolk Fire Elementalist on Mar 8, 2022.
             Slain by a rat (2 damage)
             ... on level 1 of the Dungeon.
             The game lasted 00:00:47 (171 turns).

croobank the Ducker (Merfolk Fire Elementalist)      Turns: 171, Time: 00:00:48

Health: -1/13      AC:  2    Str:  8    XL:     1   Next: 90%
Magic:  0/3        EV: 12    Int: 14    God:
Gold:   9          SH:  0    Dex: 14    Spells: 3/4 levels left

rFire   . . .      SeeInvis .   (no weapon)
rCold   . . .      Faith    .   (no shield)
rNeg    . . .      Spirit   .   a - +0 robe
rPois   .          Reflect  .   (no helmet)
rElec   .          Harm     .   (no cloak)
rCorr   .          Rampage  .   (no gloves)
Will    .....                   (no boots)
Stlth   ++........              (no amulet)
HPRegen 0.04/turn               (no ring)
MPRegen 0.08/turn               (no ring)

@: no status effects
A: (nimble swimmer 2), mertail
a: no special abilities


You were on level 1 of the Dungeon.
You visited 1 branch of the dungeon, and saw 1 of its levels.

You collected 9 gold pieces.

Inventory:

Missiles
 d - 9 stones
Armour
 a - a +0 robe (worn)
 c - a +0 ring mail
Potions
 b - a potion of magic


   Skills:
 + Level 2.8 Dodging
 + Level 2.3 Stealth
 + Level 2.1 Spellcasting
 + Level 0.9 Conjurations
 + Level 2.2 Fire Magic


You had 3 spell levels left.
You knew the following spells:

 Your Spells              Type           Power      Damage    Failure   Level
a - Foxfire               Conj/Fire      24%        2x1d5     12%         1

Your spell library contained the following spells:

 Spells                   Type           Power      Damage    Failure   Level
 Scorch                   Fire           14%        2d6       14%         2
 Conjure Flame            Conj/Fire      6%         6-21      36%         3
 Inner Flame              Hex/Fire       4%         N/A       41%         3
 Flame Wave               Conj/Fire      6%         2d5       77%         4


Dungeon Overview and Level Annotations

Branches:
Dungeon (1/15)

Altars:


Innate Abilities, Weirdness & Mutations

((You are very nimble when in or above water. (Stealth+, EV+, Speed+++)))
Your lower body shifts to a powerful aquatic tail in water.


Message History

The giant cockroach misses you.
You hit the giant cockroach but do no damage.
The giant cockroach is almost dead.
The giant cockroach bites you.
You hit the giant cockroach.
You kill the giant cockroach!
You hit the kobold but do no damage. The kobold hits you with a +0 dagger.
You barely miss the kobold.
A rat comes into view.
The kobold barely misses you.
Casting: Foxfire (safe; 12% risk of failure)
Confirm with . or Enter, or press ? or * to list all spells.
You miscast Foxfire.
Nothing appears to happen.
The kobold hits you with a +0 dagger.
You hit the kobold but do no damage. The kobold hits you with a +0 dagger.
You hit the kobold.
The kobold is moderately wounded.
The kobold hits you with a +0 dagger.
* * * LOW HITPOINT WARNING * * *
The kobold hits you but does no damage.
Your magical contamination has completely faded away.
The kobold attacks as you move away! The kobold hits you with a +0 dagger.
* * * LOW HITPOINT WARNING * * *
Casting: Foxfire (safe; 12% risk of failure)
Confirm with . or Enter, or press ? or * to list all spells.
You conjure some foxfire!
The kobold hits you with a +0 dagger.
* * * LOW HITPOINT WARNING * * *
The foxfire hits the kobold.
You kill the kobold!
The foxfire hits the rat.
The rat is heavily wounded.
The rat attacks as you move away! The rat bites you but does no damage.
The rat attacks as you move away! The rat barely misses you.
The rat attacks as you move away! The rat bites you.
* * * LOW HITPOINT WARNING * * *
The rat attacks as you move away! The rat misses you.
Casting: Foxfire (safe; 12% risk of failure)
Confirm with . or Enter, or press ? or * to list all spells.
You conjure some foxfire!
The rat bites you.
You die...

#######.............
+............)......
#######.############
#.# #.# #####.# #
#.....# #
#####r######## #
+...v@v....... #
#####†######## #.#
#.# #######.###
..........#
#########.# #.#
#.#####


You could see a rat (ally target).

Vanquished Creatures
  An endoplasm (D:1)
  A giant cockroach (D:1)
  2 kobolds (D:1)
  A bat (D:1)
5 creatures vanquished.

Vanquished Creatures (others)
  10 foxfires (D:1)
10 creatures vanquished.

Grand Total: 15 creatures vanquished

Notes
Turn   | Place    | Note
-------+----------+-------------------------------------------
     0 | D:1      | croobank the Merfolk Fire Elementalist began the quest for
                  | the Orb.
     0 | D:1      | Reached XP level 1. HP: 13/13 MP: 3/3
   171 | D:1      | Slain by a rat

Illustrated notes

Levels and vault maps discovered:
D:1:      amcnicky_arrival_blooded_trapdoor, layout_basic

Action                   || total
-------------------------++-------
Melee: Unarmed           ||    10
 Cast: Foxfire           ||     7
Armor: Robe              ||     8
Dodge: Dodged            ||     7

Table legend: (Time is in decaauts)
 A = Elapsed time spent in this place.
 B = Non-inter-level travel time spent in this place.
 C = Inter-level travel time spent in this place.
 D = Time resting spent in this place.
 E = Time spent auto-exploring this place.
 F = Levels seen in this place.
 G = Mean time per level.
                   A        B        C        D        E       F      G
               +--------+--------+--------+--------+--------+-----+--------+
         Total |    171 |    171 |      0 |      0 |     84 |   1 |  171.0 |
       Dungeon |    171 |    171 |      0 |      0 |     84 |   1 |  171.0 |
               +--------+--------+--------+--------+--------+-----+--------+

Top non-repeatable levels by time:
     D:1: 171 daAuts
